 Dungeon Crawl Stone Soup version 0.26-a0-651-gb41185065b (webtiles) character file.

Game seed: 6756282317616393643

10785 Lanoc the Cardsharp (level 11, -2/74 HPs)
             Began as a Yellow Draconian Ice Elementalist on Oct 9, 2020.
             Was a High Priest of Nemelex Xobeh.
             Slain by an Executioner (20 damage)
             ... on level 1 of the Abyss.
             The game lasted 00:25:44 (11124 turns).

Lanoc the Cardsharp (DrIE)                         Turns: 11124, Time: 00:25:45

Health: -2/74      AC: 11    Str: 11    XL:     11   Next: 40%
Magic:  18/21      EV: 16    Int: 24    God:    Nemelex Xobeh [*****.]
Gold:   570        SH:  0    Dex: 12    Spells: 6/14 levels left

rFire    . . .     SeeInvis .   r - +1 dagger (elec)
rCold    . . .     Faith    +   (no shield)
rNeg     . . .     Spirit   .   (armour unavailable)
rPois    .         Reflect  .   (helmet restricted)
rElec    .         Harm     .   (no cloak)
rCorr    +         Rampage  .   (no gloves)
MR       .....                  (no boots)
Stlth    ++........             v - amulet of faith
HPRegen  0.22/turn              q - +6 ring of intelligence
MPRegen  0.17/turn              j - +4 ring of protection

@: short of breath, frozen ramparts, studying Long Blades
A: spit acid, unfitting armour, cold-blooded, acid resistance, AC +7
a: Breathe Acid, Draw Escape, Draw Destruction, Draw Summoning, Triple Draw,
Deal Four, Stack Five, Renounce Religion


You were on level 1 of the Abyss.
You worshipped Nemelex Xobeh.
Nemelex Xobeh was extremely pleased with you.
You visited 2 branches of the dungeon, and saw 11 of its levels.
You visited the Abyss 1 time.
You also visited: Sewer.

You collected 713 gold pieces.
You spent 143 gold pieces at shops.

Inventory:

Hand Weapons
 r - a +1 dagger of electrocution (weapon)
Missiles
 k - 3 throwing nets (quivered)
 l - 8 curare-tipped darts
 t - 4 atropa-tipped darts
Jewellery
 e - an uncursed ring of see invisible
 h - an uncursed ring of protection from cold
 j - a +4 ring of protection (right hand)
 q - a +6 ring of intelligence (left hand)
 v - an amulet of faith (around neck)
 z - an uncursed ring of magical power
 D - an uncursed ring of protection from magic
Wands
 i - a wand of enslavement (20)
 s - a wand of polymorph (10)
 w - a wand of disintegration (16)
 E - a wand of paralysis (11)
 G - a wand of iceblast (14)
 H - a wand of random effects (19)
 J - a wand of digging (6)
Scrolls
 f - 4 scrolls of fear
 g - 5 scrolls of teleportation
 m - 2 scrolls of fog
 n - 3 scrolls of remove curse
 o - a scroll of brand weapon {unknown}
 p - 4 scrolls of amnesia
 y - 2 scrolls of enchant armour {unknown}
 F - a scroll of immolation {unknown}
Potions
 b - 7 potions of flight
 c - a potion of might
 d - 8 potions of curing
 u - a potion of invisibility
 x - a potion of stabbing
 A - a potion of haste
 B - 4 potions of heal wounds {unknown}
 C - a potion of mutation
 I - a potion of cancellation
Books
 a - a manual of Long Blades


   Skills:
 + Level 8.6 Dodging
 - Level 1.7 Stealth
 - Level 2.0 Spellcasting
 + Level 10.2 Ice Magic
 * Level 13.3 Invocations


You had 6 spell levels left.
You knew the following spells:

 Your Spells              Type           Power        Failure   Level
a - Ensorcelled Hibernat  Hex/Ice        ####..       2%          2
b - Frozen Ramparts       Ice            ######       1%          3
c - Ozocubu's Armour      Ice            ######..     1%          3

Your spell library contained the following spells:

 Spells                   Type           Power        Failure   Level
 Freeze                   Ice            ####         1%          1
 Animate Skeleton         Necr           #.....       12%         1
 Apportation              Tloc           #.....       12%         1
 Corona                   Hex            #......      12%         1
 Magic Dart               Conj           #...         12%         1
 Summon Small Mammal      Summ           #...         12%         1
 Hailstorm                Conj/Ice       ####....     14%         4
 Ice Form                 Ice/Tmut       ####....     14%         4
 Summon Ice Beast         Ice/Summ       ####....     14%         4
 Searing Ray              Conj           #.....       19%         2
 Confusing Touch          Hex            #.......     34%         3
 Dazzling Flash           Conj/Hex       #.....       34%         3
 Tukima's Dance           Hex            #.......     34%         3
 Fulminant Prism          Conj/Hex       #.........   75%         4
 Iskenderun's Mystic Bla  Conj/Tloc      #.......     75%         4
 Leda's Liquefaction      Hex/Erth       #.........   75%         4
 Petrify                  Tmut/Erth      #.......     75%         4
 Statue Form              Tmut/Erth      #........    100%        6


Dungeon Overview and Level Annotations

Branches:
Dungeon (10/15)            Temple (1/1) D:7            Lair (0/6) D:10
    Orc (0/2) D:9           Sewer (visited)

Altars:
Cheibriados
Hepliaklqana
Makhleb
Nemelex Xobeh
Okawaru
Qazlal
Sif Muna
Trog
Uskayaw
Vehumet
Yredelemnul

Shops:
D:5 *   D:8 *

Annotations:
D:10 Erolcha


Innate Abilities, Weirdness & Mutations

You can spit globs of acid.
Your golden yellow scales are hard. (AC +7)
You cannot fit into any form of body armour.
You are cold-blooded and may be slowed by cold attacks.
You are resistant to acid. (rCorr)


Message History

The wall freezes the Executioner but do no damage.
The Executioner gestures at you.
Your polar bear writhes in agony.
The Executioner completely resists.
The wall freezes the Executioner but do no damage.
The Executioner hits your polar bear! The Executioner hits your polar bear.
The Executioner barely misses your polar bear.
The wall freezes the Executioner but do no damage.
The Executioner hits your polar bear!!
Your polar bear dies!
Your polar bear's corpse disappears in a puff of smoke!
Your catoblepas breathes a plume of calcifying dust at the Executioner.
The blast of calcifying dust hits the Executioner.
The Executioner is engulfed in calcifying dust.
The Executioner is moving more slowly.
The Executioner completely resists.
The wall freezes the Executioner but do no damage.
Your molten gargoyle blasts magma at the Executioner!
The bolt of magma hits the Executioner!
The Executioner partially resists.
The Executioner hits you!!
You die...
Your body glows slightly and disappears.

.## #..#.. ## ..#
#.#.#.## ..# ##
..#..##..... #.. # .
........#.###.##
#1.#... #..#....#...#
. # ..
##.#.....9.#..#..# ##
##..#...##.#§§Y......
#..###.
.#....§1.#....# ###..
.##...##..@...#.#.
###.#.#.....###....#.
##
...#.....#...#..#.#
... ##
.######.#...#....
...###.. # .##..##
###..#. . . ... # ..
## #. #. . ..... ##
#. .# #.#


You could see an Executioner (fast, petrifying), a friendly catoblepas
(summoned) and a friendly molten gargoyle (summoned).

Vanquished Creatures
  A two-headed ogre (D:10)
  Pikel (D:8)
  A worldbinder (Abyss:1)
  Joseph (D:8)
  Psyche (D:8)
  A kobold demonologist (D:9)
  Grinder (D:6)
  2 hippogriffs
  5 yaks (D:10)
  Grum (D:8)
  4 porcupines
  A water moccasin (D:9)
  4 small abominations (Abyss:1)
  2 eyes of draining
  3 orc warriors
  A phantom (D:7)
  A sky beast (D:6)
  4 black bears (D:10)
  2 necrophages (D:7)
  3 ice beasts
  2 ogres
  4 wolves (D:8)
  5 centaurs
  A lemure (D:8)
  A crocodile (D:9)
  2 big kobolds
  7 bullfrogs
  4 scorpions
  8 wights
  2 howler monkeys (D:10)
  A bullfrog zombie (D:10)
  2 bullfrog skeletons
  2 jellies
  7 orc priests
  2 quasits (D:10)
  A centaur skeleton (D:8)
  6 hounds
  7 iguanas
  4 worker ants
  4 orc wizards
  A killer bee zombie (D:7)
  2 hound skeletons (D:4)
  A mummy (D:7)
  2 howler monkey zombies (D:7)
  4 worker ant zombies
  13 gnolls
  A river rat (D:4)
  12 adders
  5 shadow imps
  3 white imps
  2 ufetubi (D:5)
  An ooze (D:3)
  An adder zombie (D:5)
  2 adder skeletons
  A worm (D:3)
  A dart slug (D:4)
  3 leopard geckos
  49 orcs
  A ball python (D:4)
  7 giant cockroaches
  5 goblins
  2 hobgoblins (D:3)
  A jackal (D:8)
  6 quokkas
  A ball python skeleton (D:5)
  4 bats
  A frilled lizard (D:3)
  10 kobolds
  A leopard gecko skeleton (D:8)
  2 quokka skeletons
  A quokka zombie (D:6)
  6 rats
264 creatures vanquished.

Vanquished Creatures (collateral kills)
  The ghost of EnegeticOcto the Chopper, a novice DDFi (D:6)
  The ghost of Gearfox the Cleaver, a novice MiFi of the Shining One (D:6)
  The ghost of qborf the Destroyer, a novice OpCj of Gozag (D:6)
  The ghost of dzhemaptula the Magician, a novice DDEE of Makhleb (D:6)
  The ghost of kae the Ruffian, an amateur DrTm (D:4)
  2 gnolls (D:4)
7 creatures vanquished.

Vanquished Creatures (others)
  A small abomination (Abyss:1)
  56 fungi (D:10)
  44 plants
  A withered plant (D:7)
102 creatures vanquished.

Grand Total: 373 creatures vanquished

Notes
Turn   | Place    | Note
-------+----------+-------------------------------------------
     0 | D:1      | Lanoc the Draconian Ice Elementalist began the quest for
                  | the Orb.
     0 | D:1      | Reached XP level 1. HP: 14/14 MP: 3/3
   216 | D:1      | Reached XP level 2. HP: 12/20 MP: 0/5
   553 | D:2      | Found a burning altar of Makhleb.
   628 | D:2      | Reached XP level 3. HP: 26/26 MP: 3/6
   818 | D:3      | Found a faded altar of an unknown god.
   820 | D:3      | Became a worshipper of Nemelex Xobeh the Trickster
   820 | D:3      | Reached * piety under Nemelex Xobeh
   826 | D:3      | Received a gift from Nemelex Xobeh
   959 | D:3      | Reached skill level 1 in Invocations
  1025 | D:3      | Learned a level 3 spell: Frozen Ramparts
  1298 | D:3      | Reached XP level 4. HP: 31/33 MP: 7/7
  1437 | D:3      | Found a hazy altar of Hepliaklqana.
  1676 | D:4      | Reached skill level 5 in Ice Magic
  1680 | D:4      | Reached skill level 2 in Invocations
  1734 | D:4      | Reached XP level 5. HP: 35/38 MP: 4/8
  1751 | D:4      | Reached skill level 3 in Invocations
  1765 | D:4      | Found a glowing drain.
  1769 | Sewer    | Entered a sewer
  1970 | Sewer    | Found a glowing silver altar of Zin.
  2045 | D:3      | Reached XP level 6. HP: 20/45 MP: 3/9
  2050 | D:3      | Learned a level 3 spell: Ozocubu's Armour
  2296 | D:4      | Reached skill level 4 in Invocations
  2357 | D:4      | Received a gift from Nemelex Xobeh
  2742 | D:4      | Found a transporter.
  2791 | D:4      | Found a transporter.
  2799 | D:4      | Reached ** piety under Nemelex Xobeh
  2923 | D:4      | Found a bloodstained altar of Trog.
  3103 | D:4      | Your scales start taking on a golden yellow colour.
  3103 | D:4      | Reached XP level 7. HP: 50/50 MP: 6/10
  3103 | D:4      | Gained mutation: You are resistant to acid. (rCorr) [Yellow
                  | Draconian growth]
  3199 | D:4      | Reached skill level 5 in Invocations
  3904 | D:4      | Noticed kae's ghost (amateur DrTm)
  3908 | D:4      | Killed kae's ghost
  3990 | D:5      | Entered Level 5 of the Dungeon
  4007 | D:5      | Identified the Compendium of the Insatiable Tables
  4043 | D:5      | Reached skill level 6 in Invocations
  4409 | D:5      | Found Raubop's Assorted Antiques.
  4428 | D:5      | Bought a scroll labeled JASKICY NACAY for 26 gold pieces
  4428 | D:5      | Bought a scroll labeled WEIT VYSEO for 26 gold pieces
  4451 | D:5      | Found a sparkling altar of Nemelex Xobeh.
  4568 | D:5      | Reached XP level 8. HP: 56/57 MP: 8/12
  4777 | D:5      | Found a snail-covered altar of Cheibriados.
  4986 | D:6      | Reached skill level 7 in Invocations
  5014 | D:6      | Noticed Grinder
  5034 | D:6      | Killed Grinder
  5034 | D:6      | Reached skill level 5 in Dodging
  5218 | D:6      | Reached skill level 8 in Invocations
  5437 | D:6      | Found a runed translucent gate.
  5437 | D:6      | Found a runed translucent gate.
  5438 | D:6      | Found a runed translucent gate.
  5439 | D:6      | Noticed dzhemaptula's ghost (novice DDEE)
  5439 | D:6      | Noticed qborf's ghost (novice OpCj)
  5440 | D:6      | Noticed EnegeticOcto's ghost (novice DDFi)
  5440 | D:6      | Noticed Gearfox's ghost (novice MiFi)
  5555 | D:6      | Received a gift from Nemelex Xobeh
  5648 | D:6      | Reached *** piety under Nemelex Xobeh
  5714 | D:6      | Killed dzhemaptula's ghost
  5715 | D:6      | Killed EnegeticOcto's ghost
  5715 | D:6      | Reached skill level 9 in Invocations
  5715 | D:6      | Reached XP level 9. HP: 39/62 MP: 15/15
  5719 | D:6      | Killed Gearfox's ghost
  5721 | D:6      | Killed qborf's ghost
  6010 | D:7      | Reached skill level 10 in Invocations
  6478 | D:7      | Found a hide-covered altar of Uskayaw.
  6533 | D:7      | Found a staircase to the Ecumenical Temple.
  6557 | Temple   | Entered the Ecumenical Temple
  7009 | D:8      | Noticed Psyche
  7009 | D:8      | Noticed Grum
  7185 | D:8      | Reached XP level 10. HP: 69/69 MP: 14/18
  7190 | D:8      | Noticed Pikel
  7199 | D:8      | Killed Pikel
  7199 | D:8      | Reached skill level 11 in Invocations
  7277 | D:8      | Received a gift from Nemelex Xobeh
  7277 | D:8      | Noticed Joseph
  7296 | D:8      | Killed Joseph
  7525 | D:8      | Reached **** piety under Nemelex Xobeh
  7718 | D:8      | Found Byefytou's Assorted Antiques.
  7726 | D:8      | Bought 2 lumpy grey potions for 61 gold pieces
  7726 | D:8      | Bought a purple potion for 30 gold pieces
  7796 | D:8      | Killed Grum
  7870 | D:8      | Killed Psyche
  7991 | D:8      | Received a gift from Nemelex Xobeh
  8279 | D:9      | Found a staircase to the Orcish Mines.
  8495 | D:9      | Reached skill level 12 in Invocations
  8525 | D:9      | Found an iron altar of Okawaru.
  8691 | D:9      | Received a gift from Nemelex Xobeh
  9138 | D:9      | Received a gift from Nemelex Xobeh
  9142 | D:9      | Learned a level 2 spell: Ensorcelled Hibernation
  9273 | D:9      | Found a stormy altar of Qazlal.
  9416 | D:9      | Found a radiant altar of Vehumet.
  9417 | D:9      | Found a shimmering blue altar of Sif Muna.
  9418 | D:9      | Found a basalt altar of Yredelemnul.
  9506 | D:10     | Entered Level 10 of the Dungeon
  9506 | D:10     | Noticed a two-headed ogre
  9527 | D:10     | Killed a two-headed ogre
  9527 | D:10     | Reached XP level 11. HP: 51/74 MP: 15/20
  9694 | D:10     | Noticed Erolcha
  9776 | D:10     | Received a gift from Nemelex Xobeh
 10182 | D:10     | Reached skill level 10 in Ice Magic
 10182 | D:10     | Reached skill level 13 in Invocations
 10478 | D:10     | Found a staircase to the Lair.
 10535 | D:10     | Reached ***** piety under Nemelex Xobeh
 10575 | D:10     | Cast into level 1 of the Abyss (Erolcha)
 10611 | Abyss:1  | Noticed a thrashing horror
 10636 | Abyss:1  | Found a roughly hewn altar of Beogh.
 10696 | Abyss:1  | Noticed a cacodemon
 10700 | Abyss:1  | Noticed a large abomination
 10716 | Abyss:1  | Noticed a thrashing horror
 11047 | Abyss:1  | Noticed a sun demon
 11082 | Abyss:1  | Received a gift from Nemelex Xobeh
 11106 | Abyss:1  | Noticed an Executioner
 11114 | Abyss:1  | Noticed a necromancer
 11124 | Abyss:1  | Slain by an Executioner

Illustrated notes

Levels and vault maps discovered:
D:1:      minmay_arrival_four_circles, layout_basic, minmay_unequal
D:2:      layout_basic, lemuel_doored_altar, lemuel_another_geyser
D:3:      layout_loops_ring, lemuel_crystal_altar,
          chequers_ecumenical_altar_twisty, hex_tiny
D:4:      layout_basic, trog_eyes_of_draining, gup_sewer_entry_bowl,
          gammafunk_ghost_gnarly_gnolls, chequers_serial_rivers_micro_a
D:5:      layout_rooms, lemuel_coloured_pillars_altar, serial_shops,
          shop_fountains, nemelex_diamond_rough_becter
D:6:      layout_rooms, gammafunk_ghost_cemetery, uniq_grinder
D:7:      layout_basic, nicolae_overflow_hidden_temple,
          minmay_temple_entry_offerings, serial_undead, serial_undead_b,
          serial_undead_b, serial_undead_d, serial_undead_a
D:8:      layout_basic, serial_shops, shop, minmay_misc_feat_more_columns,
          minmay_starry_boxes, uniq_psyche, uniq_pikel, uniq_joseph, uniq_grum
D:9:      layout_irregular_city, nicolae_overflow_crystal_walls,
          gammafunk_temple_overflow_forgotten, hiddenorc2_lemuel,
          okawaru_gym_becter
D:10:     layout_cross, due_lair_maze_entry_diamond, uniq_erolcha
Temple:   nicolae_temple_figure_eight
Abyss:1:  base: D:5, evilmike_abyss_exit_14

Skill      XL: |  1  2  3  4  5  6  7  8  9 10 11 |
---------------+----------------------------------+-----
Dodging        | 2 3 4 5 6 8 |  8.6
Invocations    | 1 2 3 4 6 9 10 12 13 | 13.3
Ice Magic      | 5 6 7 8 9 10 | 10.2
Stealth        | |  1.7
Spellcasting   | |  2.0

Action                   |  1- 3 |  4- 6 |  7- 9 | 10-12 || total
-------------------------+-------+-------+-------+-------++-------
Melee: Unarmed           |    25 |       |     8 |       ||    33
       Tailslap          |     5 |     8 |    24 |    17 ||    54
       Mace              |    14 |    74 |   162 |       ||   250
       Dagger            |       |       |    72 |   179 ||   251
 Cast: Freeze            |    31 |       |       |       ||    31
       Frozen Ramparts   |     2 |    18 |    36 |    46 ||   102
       Ozocubu's Armour  |       |       |       |     1 ||     1
Invok: Draw Destruction  |       |       |     7 |       ||     7
       Draw Summoning    |       |       |     5 |     1 ||     6
       Draw Escape       |       |       |       |     3 ||     3
 Abil: Breathe Acid      |       |       |    21 |    16 ||    37
  Use: Scroll            |       |     3 |     9 |     7 ||    19
 Stab: Sleeping          |       |     1 |     1 |     1 ||     3
       Distracted        |       |       |     1 |       ||     1
Armor: Skin              |    22 |    18 |    95 |    80 ||   215
Dodge: Dodged            |    53 |    51 |   240 |   200 ||   544

Table legend: (Time is in decaauts)
 A = Elapsed time spent in this place.
 B = Non-inter-level travel time spent in this place.
 C = Inter-level travel time spent in this place.
 D = Time resting spent in this place.
 E = Time spent auto-exploring this place.
 F = Levels seen in this place.
 G = Mean time per level.
                   A        B        C        D        E       F      G
               +--------+--------+--------+--------+--------+-----+--------+
         Total |  11259 |  10806 |    453 |    530 |   7923 |  13 |  866.1 |
       Dungeon |  10427 |   9974 |    453 |    212 |   7661 |  10 | 1042.7 |
        Temple |      1 |      1 |      0 |      0 |      0 |   1 |    1.0 |
         Abyss |    548 |    548 |      0 |    318 |     40 |   1 |  548.0 |
         Sewer |    281 |    281 |      0 |      0 |    222 |   1 |  281.0 |
               +--------+--------+--------+--------+--------+-----+--------+

Top non-repeatable levels by time:
     D:4: 2096 daAuts
     D:9: 1679 daAuts
     D:7: 1197 daAuts
     D:8: 1119 daAuts
     D:6: 1059 daAuts
     D:3: 966 daAuts
     D:5: 847 daAuts
    D:10: 725 daAuts
 Abyss:1: 548 daAuts
     D:1: 467 daAuts
   Sewer: 281 daAuts
     D:2: 267 daAuts
  Temple: 1 daAuts
